 Dungeon Crawl Stone Soup version 0.21-a0-95-g06f091e (webtiles) character file.

106 Duffy the Chopper (level 4, -1/23 HPs)
             Began as a Vine Stalker Gladiator on July 4, 2017.
             Slain by a gnoll
             ... wielding a +0 flail
              (9 damage)
             ... on level 2 of the Dungeon.
             The game lasted 00:01:48 (1467 turns).

Duffy the Chopper (Vine Stalker Gladiator)          Turns: 1467, Time: 00:01:49

Health: -1/23      AC:  4    Str: 18    XL:     4   Next: 84%
Magic:  0/5        EV:  2    Int:  4    God:
Gold:   79         SH: 11    Dex: 15    Spells: 3/3 levels left

rFire    . . .     SeeInvis .   a - +0 war axe
rCold    . . .     Gourm    .   e - +0 large shield
rNeg     . . .     Faith    .   b - +0 leather armour
rPois    .         Spirit   +   c - +0 helmet
rElec    .         Reflect  .   j - scarf {Spirit}
rCorr    .         Harm     .   (no gloves)
MR       .....                  (no boots)
Stlth    +.........             (no amulet)
HPRegen  0.47/turn              i - -5 ring of evasion (curse)
MPRegen  0.09/turn              q - -4 ring of intelligence (curse)

@: no status effects
A: fangs 2, regeneration 1, magic shield, antimagic bite, no potion heal 3, rot
immunity
a: no special abilities


You were on level 2 of the Dungeon.
You were not hungry.

You visited 1 branch of the dungeon, and saw 2 of its levels.

You collected 79 gold pieces.

Inventory:

Hand Weapons
 a - a +0 war axe (weapon)
Missiles
 d - 3 throwing nets (quivered)
Armour
 b - a +0 leather armour (worn)
 c - a +0 helmet (worn)
 e - a +0 large shield (worn)
 j - a scarf of spirit shield (worn)
Jewellery
 i - a cursed -5 ring of evasion (left hand)
 o - an uncursed ring of protection from magic
 q - a cursed -4 ring of intelligence (right hand)
 r - an uncursed ring of stealth {unknown}
Scrolls
 h - a scroll of fear
 m - 2 scrolls of teleportation
Potions
 k - a potion of curing {unknown}
 l - a potion of invisibility {unknown}
 n - a potion of flight {unknown}
 p - 2 potions of ambrosia {unknown}
Comestibles
 f - 2 bread rations
 g - 3 chunks of flesh


   Skills:
 - Level 1.7 Fighting
 + Level 4.9 Axes
 - Level 1.7 Throwing
 - Level 2.4 Dodging


You had 3 spell levels left.
You didn't know any spells.

Dungeon Overview and Level Annotations

Branches:
Dungeon (2/15)

Altars:


Innate Abilities, Weirdness & Mutations

You have extremely sharp teeth.
Your natural rate of healing is unusually fast.
When hurt, damage is shared between your health and your magic reserves.
Your bite disrupts and absorbs the magic of your enemies.
Potions cannot restore your health.
You are immune to rotting.


Message History

You are too injured to fight recklessly!
You are too injured to fight recklessly!
You are too injured to fight recklessly!
You are too injured to fight recklessly!
You are too injured to fight recklessly!
You are too injured to fight recklessly!
You are too injured to fight recklessly!
You are too injured to fight recklessly!
You are too injured to fight recklessly!
Your shield prevents you from hitting the gnoll.
The gnoll is lightly wounded.
You block the gnoll's attack.
You barely miss the gnoll. Your bite misses the gnoll.
Your shield prevents you from hitting the gnoll.
You bite the gnoll, but do no damage. The gnoll hits you with a flail.
You block the gnoll's attack.
You slash the gnoll! Your bite misses the gnoll.
The gnoll is heavily wounded.
The gnoll hits you with a flail!
You die...

#.# #.# ###### #.#
#....# #.# #.#.##
##### #.# #.#.#
....## #.# #.#.#
..#..####.####.#.#
#.#>.#....).##.#.#
#.##[#.#.##.##.#@#
#....#.#.##.##.#g#
######.#<#...#.#g#
.....#.#.#...#.#g#
####.#.#.....#.#g#
#.#.#.....#)#.#
#)#<.....##.#.#
#.#########.#.#
#...........#


You could see 4 gnolls.

Vanquished Creatures
  3 gnolls (D:2)
  An adder (D:2)
  An ooze (D:1)
  A dart slug (D:1)
  2 leopard geckos (D:1)
  13 bats
  6 goblins
  6 hobgoblins
  6 jackals (D:1)
  8 kobolds
  11 frilled lizards
  3 rats
61 creatures vanquished.

Notes
Turn   | Place    | Note
-------+----------+-------------------------------------------
     0 | D:1      | Duffy the Vine Stalker Gladiator began the quest for the Orb.
     0 | D:1      | Reached XP level 1. HP: 11/11 MP: 2/2
    84 | D:1      | Reached skill level 3 in Axes
    89 | D:1      | Reached XP level 2. HP: 13/15 MP: 3/3
   425 | D:1      | Reached XP level 3. HP: 18/18 MP: 4/4
   772 | D:1      | Reached skill level 4 in Axes
  1021 | D:2      | Gained mutation: Your natural rate of healing is unusually fast. [Vine Stalker growth]
  1021 | D:2      | Reached XP level 4. HP: 16/23 MP: 5/5
  1467 | D:2      | Slain by a gnoll

Vault maps used:
D:1:      lemuel_arrival_tunnels
D:2:      first_bread, minmay_lizard_pond

Skill      XL: |  1  2  3 |
---------------+----------+-----
Axes           | 3 4 |  4.9
Fighting       | |  1.7
Throwing       | |  1.7
Dodging        | |  2.4

Action                   |  1- 3 |  4- 6 || total
-------------------------+-------+-------++-------
Melee: War axe           |   112 |    46 ||   158
       Bite              |    18 |    22 ||    40
  Use: Scroll            |     2 |       ||     2
 Stab: Sleeping          |     1 |       ||     1
  Eat: Chunk             |       |     2 ||     2
Armor: Leather armour    |    54 |    12 ||    66
Dodge: Dodged            |    36 |     6 ||    42
Block: Large shield      |    61 |    29 ||    90
